 Dungeon Crawl Stone Soup version 0.29.1-12-g30fa7ad0bf (webtiles) character file.

Game seed: 11014116905860305036

213 FaviusArthum the Grave Robber (level 5, -1/28 HPs)
             Began as a Deep Elf Necromancer on Jan 5, 2023.
             Slain by a gnoll bouda
             ... wielding a +0 whip
              (13 damage)
             ... on level 4 of the Dungeon.
             The game lasted 00:20:54 (3586 turns).

FaviusArthum the Grave Robber (DENe)                Turns: 3586, Time: 00:20:55

Health: -1/28      AC:  3    Str:  5    XL:     5   Next: 59%
Magic:  5/15       EV: 12    Int: 22    God:
Gold:   120        SH:  0    Dex: 15    Spells: 6/16 levels left

rFire   . . .      SeeInvis .   c - +0 short sword (venom)
rCold   . . .      Faith    .   (no shield)
rNeg    . . .      Spirit   .   a - +0 robe
rPois   .          Reflect  .   r - +0 helmet
rElec   .          Harm     .   (no cloak)
rCorr   .          Rampage  .   (no gloves)
Will    +....                   (no boots)
Stlth   ++........              (no amulet)
HPRegen 0.09/turn               j - ring of willpower
MPRegen 0.14/turn               (no ring)

@: weakened
A: no striking features
a: no special abilities


You were on level 4 of the Dungeon.
You visited 1 branch of the dungeon, and saw 4 of its levels.

You collected 120 gold pieces.

Inventory:

Hand Weapons
 c - a +0 short sword of venom (weapon)
Armour
 a - a +0 robe (worn)
 r - a +0 helmet (worn)
Jewellery
 i - a ring of protection from fire
 j - a ring of willpower (left hand)
 s - an amulet of the acrobat
Scrolls
 e - 2 scrolls of magic mapping {unknown}
 f - a scroll of blinking {unknown}
 g - 4 scrolls of identify {unknown}
 h - a scroll of fog {unknown}
 k - a scroll of noise {unknown}
 l - 2 scrolls of amnesia {unknown}
 n - a scroll of immolation {unknown}
 o - a scroll of torment {unknown}
 u - a scroll of enchant weapon {unknown}
 w - 2 scrolls of teleportation {unknown}
 x - a scroll of enchant armour {unknown}
Potions
 b - 3 potions of magic
 d - 2 potions of heal wounds {unknown}
 m - a potion of invisibility {unknown}
 p - a potion of mutation {unknown}
 q - a potion of brilliance {unknown}
 t - a potion of resistance {unknown}
 v - a potion of cancellation {unknown}


   Skills:
 + Level 0.2 Short Blades
 + Level 2.6 Dodging
 + Level 2.9 Stealth
 + Level 6.0 Spellcasting
 + Level 6.4 Necromancy


You had 6 spell levels left.
You knew the following spells:

 Your Spells              Type           Power      Damage    Failure   Level
a - Necrotise             Necr           100%       1d9       1%          1
b - Vampiric Draining     Necr           34%        2d8       1%          3
c - Searing Ray           Conj           12%        2d4       14%         2
d - Dispel Undead         Necr           34%        3d15      6%          4

Your spell library contained the following spells:

 Spells                   Type           Power      Damage    Failure   Level
 Animate Dead             Necr           34%        N/A       6%          4
 Magic Dart               Conj           24%        1d4       9%          1
 Static Discharge         Conj/Air       6%         3-4/arc   14%         2
 Agony                    Necr           34%        N/A       19%         5
 Frozen Ramparts          Ice            12%        1d2       26%         3
 Fulminant Prism          Conj/Hex       3%         3d6       65%         4
 Ice Form                 Ice/Tmut       6%         N/A       65%         4
 Sticky Flame             Conj/Fire      6%         2d3       65%         4
 Summon Ice Beast         Ice/Summ       6%         N/A       65%         4
 Lightning Bolt           Conj/Air       3%         1d14      94%         5
 Maxwell's Capacitive Co  Air            3%         ∞         100%        8


Dungeon Overview and Level Annotations

Branches:
Dungeon (4/15)
 Temple: D:4-7

Altars:
The Shining One

Shops:
D:2 *

Annotations:
D:3 3 runed translucent doors, Ubergnu's ghost, novice MiBe
D:4 Blork the orc; Natasha; Robin


Message History

The hound barely misses you.
Casting: Necrotise (safe; 1% risk of failure)
Confirm with . or Enter, or press ? or * to list all spells.
Aiming: Necrotise (safe; 1% risk of failure)
Press: ? - help, Shift-Dir - straight line, f/p - hound
Aim: a hound (almost dead, chance to affect: 88%)
The hound writhes in agony!
You kill the hound!
The dead are walking!
The gnoll closely misses you.
The gnoll bouda gazes fiercely through you!
You feel your attacks grow feeble.
Your Spellcasting skill increases to level 6!
Casting: Necrotise (safe; 1% risk of failure)
Confirm with . or Enter, or press ? or * to list all spells.
Aiming: Necrotise (safe; 1% risk of failure)
Press: ? - help, Shift-Dir - straight line, f - gnoll bouda
Aim: a gnoll bouda, wielding a +0 whip and wearing a +0 robe (ally target, chance to affect: 83%)
Okay, then.
Casting: Necrotise (safe; 1% risk of failure)
Confirm with . or Enter, or press ? or * to list all spells.
Aiming: Vampiric Draining (safe; 1% risk of failure)
Press: ? - help, Shift-Dir - straight line, f - gnoll bouda
Aim: a gnoll bouda, wielding a +0 whip and wearing a +0 robe (ally target)
You draw life force from the gnoll bouda!
You feel life coursing into your body.
The gnoll hits you from afar with a +0 spear.
A giant cockroach comes into view.
The gnoll bouda hits you with a +0 whip.
The gnoll hits you from afar with a +0 spear.
Casting: Vampiric Draining (safe; 1% risk of failure)
Confirm with . or Enter, or press ? or * to list all spells.
Aiming: Vampiric Draining (safe; 1% risk of failure)
Press: ? - help, Shift-Dir - straight line, f/p - gnoll bouda
Aim: a gnoll bouda, wielding a +0 whip and wearing a +0 robe (heavily wounded, ally target)
You draw life force from the gnoll bouda.
You feel life coursing into your body. The gnoll barely misses you.
Your hound skeleton bites the gnoll bouda.
The gnoll barely misses you.
The gnoll bouda hits you with a +0 whip!
You die...

#........#
#.......#
#..o....#
#(# #g# .
##g# .g
#gg# gg
##g## h.
##@Z# ##.
##
#.B###.....
#.....Z†#
#######.#


You could see a gnoll bouda (ally target), 4 gnolls, an orc, a giant cockroach
and a friendly hound skeleton.

Vanquished Creatures
  A scorpion (D:3)
  A hound (D:4)
  3 adders (D:3)
  A gnoll (D:4)
  2 worms
  2 dart slugs
  An orc (D:3)
  4 ball pythons
  7 bats
  6 endoplasms
  5 giant cockroaches
  10 goblins
  5 hobgoblins
  3 jackals (D:1)
  7 kobolds
  2 quokkas
  2 frilled lizards (D:2)
  7 rats
69 creatures vanquished.

Vanquished Creatures (collateral kills)
  A dart slug (D:1)
  2 endoplasms
  A rat (D:1)
4 creatures vanquished.

Vanquished Creatures (others)
  2 demonic plants (D:2)
  4 fungi (D:2)
  A plant (D:2)
7 creatures vanquished.

Grand Total: 80 creatures vanquished

Notes
Turn   | Place    | Note
-------+----------+-------------------------------------------
     0 | D:1      | FaviusArthum the Deep Elf Necromancer began the quest for
                  | the Orb.
     0 | D:1      | Reached XP level 1. HP: 10/10 MP: 6/6
    72 | D:1      | Reached skill level 5 in Necromancy
   242 | D:1      | Reached XP level 2. HP: 15/15 MP: 4/8
   800 | D:1      | Reached XP level 3. HP: 19/19 MP: 4/9
  1502 | D:2      | Learned a level 3 spell: Vampiric Draining
  1505 | D:2      | Learned a level 2 spell: Searing Ray
  1656 | D:2      | Found a faded altar of an unknown god.
  1912 | D:2      | Found a glowing golden altar of the Shining One.
  2115 | D:2      | Found Rues's Assorted Antiques.
  2202 | D:2      | Reached XP level 4. HP: 24/24 MP: 12/12
  2636 | D:3      | Found a runed translucent gate.
  2636 | D:3      | Found a runed translucent gate.
  2638 | D:3      | Found a runed translucent gate.
  2641 | D:3      | Noticed Ubergnu's ghost (novice MiBe)
  2641 | D:3      | Noticed a kobold brigand
  3220 | D:3      | Learned a level 4 spell: Dispel Undead
  3233 | D:3      | Reached skill level 5 in Spellcasting
  3345 | D:4      | Noticed Blork the orc
  3345 | D:4      | Noticed Robin
  3346 | D:4      | Noticed Natasha
  3385 | D:4      | Noticed a scorpion
  3399 | D:3      | Killed a scorpion
  3400 | D:3      | Reached XP level 5. HP: 22/28 MP: 4/15
  3586 | D:4      | Slain by a gnoll bouda

Illustrated notes

Levels and vault maps discovered:
D:1:      dpeg_arrival_lava_temple_mockup, layout_basic
D:2:      layout_loops_ring, basic_altar, serial_shops, nicolae_shop_waterfront,
          shapermc_ecumenical_altar_gd, kennysheep_generic_room_13
D:3:      layout_basic, gammafunk_ghost_nasty_kobolds
D:4:      layout_rooms, uniq_blork_the_orc, uniq_natasha, uniq_robin

Skill      XL: |  1  2  3  4  5 |
---------------+----------------+-----
Necromancy     | 5 6 |  6.4
Spellcasting   | 4 5 6 |  6.0
Short Blades   | |  0.2
Dodging        | |  2.6
Stealth        | |  2.9

Action                   |  1- 3 |  4- 6 || total
-------------------------+-------+-------++-------
Melee: Short sword       |    10 |       ||    10
 Cast: Necrotise         |    77 |    41 ||   118
       Searing Ray       |     3 |       ||     3
       Vampiric Draining |     1 |     6 ||     7
Armor: Robe              |     2 |     3 ||     5
Dodge: Dodged            |     9 |    14 ||    23
